AoeStats
← ibreks

Hideout

510000196Analyzed
1v1 RM · 4d ago on Sep 29, 2026· 52m 56s· 2 players
Game mode
Random Map
Map size
Tiny (2 player)
Population
200
Speed
Normal
Resources
Standard
Victory
Conquest
Starting age
Dark Age
Ending age
Imperial Age
RankedLock teamsTeams togetherTeam positionsShared explorationLock speedFull tech treeHidden civsTurbo modeCheats
Victory
Defeat
🇨🇳 Persians · China
1148
+16
🇺🇸 Gurjaras · United States
1138
-16
ibreks
9:44 Feudal Age
8:00 Loom
10:20 Double-Bit Axe
16:07 Castle Age
16:02 Bloodlines
16:41 Forging
16:43 Horse Collar
22:17 Wheelbarrow
24:30 Bow Saw
26:55 Hand Cart
31:09 Imperial Age
28:26 Town Watch
32:00 Heavy Plow
35:35 Chemistry
35:06 Elite Skirmisher
35:55 Scale Barding Armor
36:25 Iron Casting
35:42 Fletching
35:52 Padded Archer Armor
36:42 Husbandry
37:49 Conscription
40:59 Ballistics
41:32 Bodkin Arrow
41:52 Leather Archer Armor
41:58 Chain Barding Armor
42:33 Crop Rotation
43:03 Fortified Wall
44:05 Kshatriyas
46:47 Heavy Camel Rider
49:36 Light Cavalry
LIFANFAN
10:18 Feudal Age
13:57 Castle Age
12:38 Double-Bit Axe
19:02 Horse Collar
21:36 Wheelbarrow
23:26 Bow Saw
23:19 Heavy Plow
24:29 Hand Cart
24:46 Gold Mining
30:17 Imperial Age
27:46 Stone Mining
28:33 Gold Shaft Mining
28:43 Ballistics
28:29 Padded Archer Armor
30:32 Leather Archer Armor
31:49 Chemistry
30:39 Pikeman
31:21 Scale Mail Armor
31:31 Forging
32:09 Conscription
31:26 Halberdier
32:09 Squires
31:57 Gambesons
33:11 Town Watch
33:15 Loom
35:05 Iron Casting
34:45 Chain Mail Armor
36:00 Town Patrol
36:21 Arson
41:04 Blast Furnace
40:35 Plate Mail Armor
41:16 Light Cavalry
42:07 Bloodlines
42:33 Scale Barding Armor
41:58 Hussar
42:51 Bloodlines
Connection lost

Rejoining the realm…

Still unreachable

The connection could not be restored.

Session expired

The server has moved on; the page needs a fresh start.